Map: New Gettysburg LE

Players

Gracz

  • Race: Zerg Zerg
  • League: Silver

VrOzzEx - Winner!

  • Race: Protoss Protoss
  • League: Bronze

VOD

Have the link to the VOD?

Description

Time

  • Played on: Oct. 9, 2016, 7:01 a.m.
  • Length: 17:57
Show
View Real Time Build Order
Export as new Build Order

Gracz Zerg 

Build Orders: Pool First, Lurkers 

Get SALT Encoding   

  12  0:02  Drone  
  13  0:18  Drone  
  14  0:28  Spawning Pool  
  13  0:37  Overlord  
  13  0:48  Drone  
  14  0:52  Extractor, Drone  
  14  0:55  Drone  
  15  1:22  Drone x2  
  17  1:27  Hatchery  
  17  1:31  Drone  
  17  1:42  Queen  
  19  1:54  Baneling Nest  
  19  1:56  Drone  
  19  2:06  Zergling x2  
  19  2:07  Zergling x2  
  21  2:40  Zergling x8  
  25  3:11  Baneling x4  
  25  3:19  Evolution Chamber  
  24  3:22  Evolution Chamber, Drone x3  
  26  3:30  Roach Warren  
  26  3:31  Queen  
  26  3:32  Drone  
  26  3:33  Overlord x2  
  28  4:03  Baneling x4  
  28  4:15  Zerg Melee Weapons Level 1  
  28  4:19  Extractor  
  27  4:46  Drone x5  
  30  5:16  Overlord  
  30  5:17  Overlord  
  28  5:51  Drone  
  28  5:52  Drone x11  
  28  5:53  Drone  
  28  5:54  Drone  
  28  5:56  Lair  
  42  6:22  Extractor  
  42  6:23  Extractor  
  40  6:35  Hatchery  
  41  6:58  Hydralisk Den  
  38  7:03  Infestation Pit  
  38  7:08  Spire  
  36  7:24  Queen  
  37  7:47  Neural Parasite  
  37  7:59  Drone x5  
  42  8:10  Lurker Den  
  42  8:18  Drone x2  
  42  8:19  Drone x3  
  47  8:25  Hive  
  47  8:31  Zerg Flyer Weapons Level 1  
  47  9:12  Pathogen Glands  
  47  9:14  Infestor x3  
  53  9:35  Extractor  
  53  9:37  Hydralisk x3, Extractor  
  57  9:42  Overlord x4  
  57  9:57  Burrow  
  57  10:27  Viper x2  
  57  10:28  Viper  
  66  10:36  Hydralisk x8  
  82  10:46  Lurker  
  83  10:54  Lurker  
  83  10:55  Lurker  
  85  11:20  Corruptor x2  
  85  11:22  Overlord  
  85  11:23  Overlord x3  
  89  11:49  Mutalisk x6  
  101  12:03  Corruptor  
  101  12:04  Corruptor x2  
  107  12:21  Lurker x2  
  109  12:22  Hatchery  
  108  12:35  Mutalisk x2  
  108  12:36  Mutalisk  
  105  13:27  Hydralisk  
  105  13:28  Hydralisk x7  
  121  13:34  Overlord x3  
  121  13:38  Drone  
  122  14:11  Greater Spire  
  122  14:20  Drone x6  
  128  14:30  Mutalisk x6  
  140  14:33  Extractor x2  
  138  15:04  Hydralisk x6  
  150  15:11  Overlord x3  
  150  15:38  Brood Lord  
  150  15:39  Brood Lord x4  
  125  16:53  Overseer x4  
  117  16:55  Hydralisk x3  
  117  16:56  Hydralisk x6  
Show
View Real Time Build Order
Export as new Build Order

VrOzzEx Protoss - Winner!

Build Orders: Colossus Rush 

Get SALT Encoding   

  12  0:11  Probe (Chrono Boost)  
  13  0:22  Probe (Chrono Boost)  
  13  0:25  Pylon  
  14  0:32  Probe (Chrono Boost)  
  15  0:38  Pylon  
  15  0:43  Probe (Chrono Boost)  
  15  0:44  Assimilator  
  16  0:54  Probe (Chrono Boost)  
  17  1:00  Assimilator  
  17  1:04  Probe (Chrono Boost)  
  18  1:13  Gateway  
  18  1:15  Probe (Chrono Boost)  
  20  1:25  Probe (Chrono Boost)  
  20  1:36  Probe (Chrono Boost)  
  20  1:37  Forge  
  21  1:46  Probe (Chrono Boost)  
  22  1:47  Pylon  
  22  1:57  Probe (Chrono Boost)  
  23  2:01  Zealot  
  25  2:15  Protoss Ground Weapons Level 1  
  25  2:16  Cybernetics Core  
  25  2:31  Zealot  
  25  2:36  Photon Cannon  
  27  2:46  Warp Gate, Photon Cannon  
  27  2:58  Stalker  
  29  3:09  Twilight Council  
  29  3:20  Photon Cannon  
  29  3:28  Stalker  
  31  3:54  Robotics Facility  
  31  4:02  Mothership Core (Chrono Boost)  
  33  4:15  Protoss Shields Level 1  
  33  4:19  Blink  
  33  4:24  Stalker  
  35  4:47  Robotics Bay  
  35  4:52  Pylon  
  35  4:58  Photon Cannon  
  35  5:02  Observer  
  36  5:28  Photon Cannon  
  36  5:46  Pylon  
  36  5:53  Pylon, Colossus  
  42  5:59  Pylon  
  42  6:11  Stalker  
  44  6:23  Gateway  
  44  6:24  Gateway  
  44  6:28  Gateway  
  44  6:35  Stalker  
  46  6:42  Protoss Ground Weapons Level 2  
  46  6:55  Colossus  
  52  7:43  Stalker  
  54  7:46  Colossus  
  60  7:59  Stalker  
  60  8:03  Stalker  
  64  8:21  Nexus  
  64  8:40  Pylon  
  64  8:43  Pylon  
  64  8:51  Stalker  
  66  9:04  Photon Cannon  
  66  9:09  Photon Cannon  
  66  9:21  Photon Cannon  
  66  9:34  Photon Cannon  
  66  9:43  Probe (Chrono Boost)  
  67  9:51  Assimilator  
  67  9:53  Probe (Chrono Boost)  
  67  9:54  Protoss Ground Weapons Level 3  
  68  10:11  Assimilator  
  68  10:21  Stalker  
  74  10:35  Immortal  
  74  10:45  Probe (Chrono Boost)  
  75  10:56  Probe (Chrono Boost)  
  76  11:07  Probe (Chrono Boost)  
  77  11:11  Stalker  
  77  11:15  Immortal  
  83  11:38  Stargate  
  83  11:40  Stalker  
  83  11:41  Stalker  
  87  11:53  Pylon  
  87  11:56  Pylon  
  87  12:02  Immortal  
  91  12:13  Protoss Shields Level 2  
  91  12:14  Extended Thermal Lance  
  91  12:39  Immortal  
  95  12:49  Stalker  
  97  13:10  Fleet Beacon  
  97  13:17  Stalker  
  99  13:26  Colossus  
  105  13:40  Stalker  
  107  13:43  Stalker  
  109  13:49  Stalker  
  111  14:13  Colossus  
  117  14:48  Pylon  
  117  14:50  Pylon  
  123  15:16  Stalker x2  
  123  15:17  Stalker  
  129  15:26  Zealot  
Tags
 
Add a new tag
Caveats
  • Supply blocks, unpowered buildings, or Contaminate may cause inaccurate times.
  • Supply counts are checked every 10 seconds.